 Dungeon Crawl Stone Soup version 0.31-a0-152-g6aa68a64a1 (webtiles) character file.

Game seed: 1422854489543073035

175 qw the Shooter (level 5, 0/47 HPs)
             Began as a Minotaur Hunter on June 10, 2023.
             Slain by a lemure (3 damage)
             ... led by Pikel
             ... on level 4 of the Dungeon.
             The game lasted 00:00:50 (2598 turns).

qw the Shooter (Minotaur Hunter)                    Turns: 2598, Time: 00:00:50

Health: 0/47       AC:  7    Str: 10    XL:     5   Next: 29%
Magic:  4/4        EV: 10    Int:  9    God:
Gold:   172        SH:  0    Dex: 16    Spells: 4/4 levels left

rFire   . . .        Y - +0 shortbow
rCold   . . .        (shield currently unavailable)
rNeg    . . .        h - +0 ring mail
rPois   .            (helmet restricted)
rElec   +            (no cloak)
rCorr   +            (no gloves)
SInv    .            a - +1 pair of boots "Keunoph" {rElec Will++ Str-5 Int+3}
Will    ++...        (no amulet)
Stlth   +            d - ring of resist corrosion
HPRegen 0.27/turn    (no ring)
MPRegen 0.09/turn

%: no passive effects
@: no status effects
A: horns 2, retaliatory headbutt
a: no special abilities


You were on level 4 of the Dungeon.
You visited 1 branch of the dungeon, and saw 4 of its levels.

You collected 172 gold pieces.


Innate Abilities, Weirdness & Mutations

You have a pair of horns on your head.
You reflexively headbutt those who attack you in melee.


   Skills:
 - Level 4.7 Fighting
 + Level 6.1 Ranged Weapons
 - Level 1.0 Armour
 - Level 2.1 Dodging
 - Level 0.7 Stealth


You had 4 spell levels left.
You didn't know any spells.
Your spell library was empty.

Inventory:

Hand Weapons
 Y - a +0 shortbow (weapon)
Armour
 a - the +1 pair of boots "Keunoph" (worn) {rElec Will++ Str-5 Int+3}
   (You found it on level 3 of the Dungeon)

   Str:       It affects your strength (-5).
   Int:       It affects your intelligence (+3).
   rElec:     It insulates you from electricity.
   Will:      It greatly increases your willpower.
 h - a +0 ring mail (worn)
Jewellery
 d - a ring of resist corrosion (left hand)
Scrolls
 c - 3 scrolls of identify
Potions
 b - a potion of attraction {unknown}
 i - a potion of enlightenment {unknown}
 j - 2 potions of curing

Dungeon Overview and Level Annotations

Branches:
Dungeon (4/15)
 Temple: D:4-7

Altars:

Annotations:
D:4 Pikel


Message History

The goblin shouts!
The arrow hits the lemure but does no damage.
Pikel barely misses you. The orc barely misses you.
The hobgoblin barely misses you. You furiously retaliate!
You headbutt the hobgoblin!
You kill the hobgoblin!
You shoot an arrow.
The arrow hits the orc but does no damage.
The orc is heavily wounded.
The orc barely misses you. Pikel barely misses you.
You shoot an arrow. The arrow hits the orc.
You kill the orc!
Pikel hits you with a +0 whip of flaming!
Pikel burns you. The lemure closely misses you. You furiously retaliate!
You headbutt the lemure. You shoot an arrow. The arrow completely misses Pikel.
Pikel completely misses you. The lemure closely misses you.
You shoot an arrow.
The arrow hits Pikel but does no damage.
Pikel is lightly wounded.
Pikel hits you with a +0 whip of flaming.
Pikel burns you. The lemure hits you! The lemure misses you.
The lemure hits you.
Pikel hits you with a +0 whip of flaming.
Pikel burns you. The lemure hits you! The lemure misses you.
2596 ||| DRINKING potion of heal wounds.
You feel much better. The lemure barely misses you.
Pikel hits you with a +0 whip of flaming.
Pikel burns you. The lemure barely misses you.
The lemure closely misses you. x2
You furiously retaliate!
You headbutt the lemure! You shoot an arrow.
The arrow barely misses the lemure.
Pikel hits you with a +0 whip of flaming.
Pikel burns you. The lemure hits you. The lemure hits you but does no damage.
The lemure hits you. The lemure barely misses you.
You shoot an arrow. The arrow hits the lemure.
The lemure is severely wounded.
Pikel closely misses you. The lemure hits you but does no damage.
The lemure hits you. x2
You die...

### #. ... . ...
.# #.# . #.# .# .#
. #.##.##... ..
#.5K...... ...
##.@5g##.# ....
#..55......
.....##.#####....
#......# ...
####.#.# . #.#.#
##############.#.#
...............#.#
....#########..#.#


You could see Pikel, 4 lemures and a goblin.

Vanquished Creatures
  An ogre (D:3)
  3 gnolls (D:2)
  A dart slug (D:3)
  4 orcs (D:4)
  7 bats
  8 endoplasms
  2 giant cockroaches
  7 hobgoblins
  4 jackals (D:2)
  3 kobolds
  2 quokkas
  6 ball pythons
  2 frilled lizards (D:2)
  3 goblins
  2 rats
55 creatures vanquished.

Notes
Turn   | Place    | Note
-------+----------+-------------------------------------------
     0 | D:1      | qw the Minotaur Hunter began the quest for the Orb.
     0 | D:1      | Reached XP level 1. HP: 18/18 MP: 0/0
     0 | D:1      | 0 ||| qw: Version: 0.2-a-122-gbc61b45
     0 | D:1      | 0 ||| qw: Game counter: 3531
     0 | D:1      | 0 ||| qw: Always use a shield: true
     0 | D:1      | 0 ||| qw: God list: Okawaru
     0 | D:1      | 0 ||| qw: Allow faded altars: false
     0 | D:1      | 0 ||| qw: Do Orc after D:15 true
     0 | D:1      | 0 ||| qw: Do second Lair branch before Depths: true
     0 | D:1      | 0 ||| qw: Lair rune preference: random
     0 | D:1      | 0 ||| qw: Plans: Normal
     0 | D:1      | 0 ||| PLANNING D:1-11
   365 | D:1      | Reached XP level 2. HP: 25/25 MP: 1/1
   383 | D:1      | Reached skill level 5 in Ranged Weapons
   622 | D:1      | 622 ||| UPGRADING to +0 ring mail.
   632 | D:1      | 632 ||| DROPPING +0 leather armour.
   633 | D:1      | 633 ||| UPGRADING to ring of resist corrosion.
   634 | D:1      | 634 ||| READING scroll labelled BERUSTRU UNWUDE.
   635 | D:1      | 635 ||| READING scroll labelled ALUTEG NAVIRGH.
   636 | D:1      | 636 ||| READING scroll labelled CIDELO MACKONK.
   637 | D:1      | 637 ||| READING scroll labelled LOWIJE ANLOPHE.
   738 | D:1      | 738 ||| DRINKING 2 bubbling sapphire potions.
   739 | D:1      | 739 ||| DROPPING scroll of butterflies.
   954 | D:2      | Reached skill level 1 in Armour
  1089 | D:2      | Reached skill level 3 in Fighting
  1093 | D:2      | Reached XP level 3. HP: 26/31 MP: 2/2
  1157 | D:2      | HP: 2/31 [gnoll/+0 halberd (8)]
  1293 | D:2      | Found a faded altar of an unknown god.
  1763 | D:2      | 1763 ||| READING scroll labelled HERIMETRYO.
  1764 | D:2      | 1764 ||| READING scroll labelled CUEREO FOGAF.
  1765 | D:2      | 1765 ||| READING scroll labelled POC OTAGGOTH.
  1766 | D:2      | 1766 ||| DRINKING 2 yellow potions.
  1888 | D:3      | Identified the +1 pair of boots "Keunoph" {rElec Will++
                  | Str-5 Int+3}
  1897 | D:3      | Reached XP level 4. HP: 38/38 MP: 3/3
  2289 | D:3      | Reached skill level 6 in Ranged Weapons
  2300 | D:3      | 2300 ||| UPGRADING to +1 pair of boots "Keunoph" {rElec
                  | Will++ Str-5 Int+3}.
  2305 | D:3      | 2305 ||| READING 2 scrolls labelled NAIV WEPEO.
  2306 | D:3      | 2306 ||| DRINKING 2 emerald potions.
  2307 | D:3      | 2307 ||| DROPPING potion of invisibility.
  2327 | D:4      | Noticed an ogre
  2332 | D:4      | 2332 ||| STAIRDANCE
  2334 | D:3      | Killed an ogre
  2335 | D:3      | Reached XP level 5. HP: 32/47 MP: 4/4
  2583 | D:4      | Noticed Pikel
  2585 | D:4      | Noticed a lemure
  2585 | D:4      | Noticed a lemure
  2587 | D:4      | Noticed a lemure
  2588 | D:4      | Noticed a lemure
  2595 | D:4      | HP: 11/47 [lemure[Pikel] (2)]
  2595 | D:4      | HP: 1/47 [lemure[Pikel] (7)]
  2596 | D:4      | 2596 ||| DRINKING potion of heal wounds.
  2598 | D:4      | Slain by a lemure

Levels and vault maps discovered:
D:1:      giann_forest_graveyard, layout_loops_ring
D:2:      layout_basic, hellmonk_ecumenical_altar_run_dry
D:3:      layout_basic, minmay_misc_feat_pillars
D:4:      layout_basic, uniq_pikel

Skill      XL: |  1  2  3  4 |
---------------+-------------+-----
Ranged Weapons | 5 6 |  6.1
Armour         | 1 |  1.0
Fighting       | 3 4 |  4.7
Dodging        | |  2.1
Stealth        | |  0.7

Action                     |  1- 3 |  4- 6 || total
---------------------------+-------+-------++-------
   Fire: Shortbow          |   119 |    56 ||   175
    Use: Scroll            |     7 |     1 ||     8
         Potion            |     2 |     2 ||     4
 Armour: Leather armour    |    10 |       ||    10
         Ring mail         |    10 |     7 ||    17
  Dodge: Dodged            |    51 |    30 ||    81

Table legend:
 A = Non-vault XP
 B = Vault XP
 C = Vault XP percentage of total XP
 D = Non-vault monster count
 E = Vault monster count
 F = Vault count percentage of total count
                 A         B        C        D         E       F
            +---------+---------+-------+---------+---------+-------
      Total |     250 |       0 |   0.0 |      55 |       0 |   0.0
            +---------+---------+-------+---------+---------+-------
        D:1 |      19 |       0 |   0.0 |      13 |       0 |   0.0
        D:2 |      73 |       0 |   0.0 |      21 |       0 |   0.0
        D:3 |     142 |       0 |   0.0 |      15 |       0 |   0.0
        D:4 |      16 |       0 |   0.0 |       6 |       0 |   0.0
            +---------+---------+-------+---------+---------+-------
